 Dungeon Crawl Stone Soup version 0.27.1-1-g398f81649c (webtiles) character file.

Game seed: 5735960402095634135

2 TheGamechu the Caller (level 1, 0/10 HPs)
             Began as a Kobold Summoner on Sept 16, 2021.
             Frozen to death by an endoplasm (3 damage)
             ... on level 1 of the Dungeon.
             The game lasted 00:01:21 (160 turns).

TheGamechu the Caller (Kobold Summoner)              Turns: 160, Time: 00:01:22

Health: 0/10       AC:  2    Str:  5    XL:     1   Next: 33%
Magic:  0/3        EV: 15    Int: 16    God:
Gold:   0          SH:  0    Dex: 15    Spells: 3/4 levels left

rFire    . . .     SeeInvis .   (weapon restricted)
rCold    . . .     Faith    .   (shield restricted)
rNeg     . . .     Spirit   .   a - +0 robe
rPois    .         Reflect  .   (no helmet)
rElec    .         Harm     .   (no cloak)
rCorr    .         Rampage  .   (no gloves)
Will     .....                  (no boots)
Stlth    +++.......             (no amulet)
HPRegen  0.03/turn              (no ring)
MPRegen  0.08/turn              (no ring)

@: no status effects
A: small, no large weapons, nightstalker 3
a: no special abilities


You were on level 1 of the Dungeon.
You visited 1 branch of the dungeon, and saw 1 of its levels.

Inventory:

Armour
 a - a +0 robe (worn)
Potions
 b - a potion of magic {unknown}


   Skills:
 + Level 2.5 Dodging
 + Level 2.8 Stealth
 - Level 2.1 Spellcasting
 + Level 4.0 Summonings


You had 3 spell levels left.
You knew the following spells:

 Your Spells              Type           Power      Damage    Failure   Level
a - Summon Small Mammal   Summ           56%        N/A       3%          1

Your spell library contained the following spells:

 Spells                   Type           Power      Damage    Failure   Level
 Call Imp                 Summ           14%        N/A       6%          2
 Call Canine Familiar     Summ           14%        N/A       12%         3
 Summon Guardian Golem    Hex/Summ       8%         N/A       26%         3
 Summon Lightning Spire   Summ/Air       8%         N/A       65%         4


Dungeon Overview and Level Annotations

Branches:
Dungeon (1/15)

Altars:


Innate Abilities, Weirdness & Mutations

You are small and have problems with some larger weapons.
You are completely attuned to the shadows.


Message History

Your bat hits the ball python. You closely miss the quokka.
Your bat misses the ball python. The quokka barely misses you.
The ball python bites you. The ball python misses you.
You swap places.
Your bat barely misses the ball python.
Something bites your rat.
Your rat dies!
Your rat's corpse disappears in a puff of smoke!
Your bat hits the quokka.
Your bat barely misses the ball python. x2; Your rat misses the ball python.
Your bat barely misses the quokka.
Your bat closely misses the quokka.
Your bat hits the endoplasm.
Your rat barely misses the quokka.
Your rat bites the quokka but does no damage.
The ball python closely misses you. The ball python barely misses you.
The ball python misses you. The ball python closely misses you.
The endoplasm closely misses something.
Your bat hits the ball python. The ball python bites your bat.
The ball python closely misses your bat.
The endoplasm closely misses something.
Your bat barely misses the ball python.
The ball python closely misses your bat.
The ball python barely misses your bat.
Something closely misses your bat. x2; Your bat hits the ball python.
Your bat hits the ball python.
The ball python dies!
Casting: Summon Small Mammal (safe; 3% risk of failure)
Confirm with . or Enter, or press ? or * to list all spells.
Casting: Summon Small Mammal (safe; 3% risk of failure)
Confirm with . or Enter, or press ? or * to list all spells.
You swap places.
You swap places.
You swap places.
The endoplasm freezes you.
You are frozen.
* * * LOW HITPOINT WARNING * * *
You swap places.
Your quokka bites the endoplasm.
The endoplasm freezes you.
You are frozen.
You die...

.#...###.##
#.# #...##..†.
#.# #.......#
##.#
#.#.....#.##.#
###..........#
#.##.###.#.#
#....###.#.##
####J##.....##
#@rbr.....#
#.###.#..##
#........#
#####.#..#
#...## #####


You could see an endoplasm, a friendly quokka (summoned), a friendly bat
(summoned) and a friendly rat (summoned).

Vanquished Creatures (collateral kills)
  A hobgoblin (D:1)
  A ball python (D:1)
  A rat (D:1)
3 creatures vanquished.

Notes
Turn   | Place    | Note
-------+----------+-------------------------------------------
     0 | D:1      | TheGamechu the Kobold Summoner began the quest for the Orb.
     0 | D:1      | Reached XP level 1. HP: 10/10 MP: 3/3
   160 | D:1      | Frozen to death by an endoplasm

Illustrated notes

Levels and vault maps discovered:
D:1:      wheals_arrival_linesprint, layout_basic,
          hellmonk_ecumenical_altar_arch_garden

Action                   || total
-------------------------++-------
Melee: Unarmed           ||     3
 Cast: Summon Small Mamm ||    10
 Stab: Sleeping          ||     1
Dodge: Dodged            ||     6
